 Dungeon Crawl Stone Soup version 0.31-a0-354-g827e0957a7 (webtiles) character file.

Game seed: 16326197907117342439

586 HotCheetoh the Cleaver (level 7, 35/57 HPs)
             Began as a Minotaur Fighter on July 24, 2023.
             Was a Follower of Trog.
             Quit the game on level 5 of the Dungeon.
             The game lasted 00:12:21 (3200 turns).

HotCheetoh the Cleaver (Minotaur Fighter)           Turns: 3200, Time: 00:12:21

Health: 35/57      AC: 11    Str: 22    XL:     7   Next: 15%
Magic:  6/6        EV:  6    Int:  5    God:    Trog [*.....]
Gold:   278        SH:  5    Dex: 16    Spells: 6/6 levels left

rFire   . . .        a - +0 war axe
rCold   . . .        c - +0 buckler
rNeg    . . .        t - +0 plate armour
rPois   .            (helmet restricted)
rElec   .            (no cloak)
rCorr   .            (no gloves)
SInv    .            (no boots)
Will    .....        (no amulet) Stlth
                     e - +6 ring of dexterity
HPRegen 0.29/turn    (no ring)
MPRegen 0.10/turn

%: no passive effects
@: no status effects
A: horns 2, retaliatory headbutt
a: Renounce Religion, Berserk


You were on level 5 of the Dungeon.
You worshipped Trog.
Trog was aware of your devotion.
You visited 2 branches of the dungeon, and saw 6 of its levels.

You collected 278 gold pieces.

Inventory:

Hand Weapons
 a - a +0 war axe (weapon)
Armour
 b - a +0 scale mail
 c - a +0 buckler (worn)
 t - a +0 plate armour (worn)
Jewellery
 e - a +6 ring of dexterity (left hand)
 m - a ring of magical power
 n - a ring of magical power
 o - a ring of fire
Wands
 y - a wand of paralysis (10)
Scrolls
 f - 5 scrolls of identify {unknown}
 g - 2 scrolls of vulnerability {unknown}
 h - a scroll of amnesia {unknown}
 k - a scroll of blinking {unknown}
 l - 3 scrolls of poison {unknown}
 p - a scroll of teleportation {unknown}
 s - a scroll of enchant weapon {unknown}
 v - a scroll of immolation {unknown}
 w - a scroll of fog {unknown}
 x - a scroll of revelation {unknown}
Potions
 d - a potion of might
 i - a potion of lignification {unknown}
 j - a potion of ambrosia {unknown}
 q - 2 potions of haste {unknown}
 r - a potion of attraction {unknown}
 u - a potion of cancellation {unknown}


   Skills:
 - Level 3.6 Fighting
 * Level 9.5 Axes
 - Level 3.6 Armour
 - Level 3.6 Shields


You had 6 spell levels left.
You didn't know any spells.
Your spell library contained the following spells:

 Spells                   Type           Power      Damage    Failure   Level
 Apportation              Tloc           0%         N/A       100%        1
 Necrotise                Necr           0%         1d4       100%        1
 Summon Small Mammal      Summ           0%         N/A       100%        1
 Call Canine Familiar     Summ           0%         N/A       100%        3
 Summon Guardian Golem    Hex/Summ       0%         N/A       100%        3


Dungeon Overview and Level Annotations

Branches:
Dungeon (5/15)             Temple (1/1) D:4

Altars:
Ashenzari
Cheibriados
Fedhas
Hepliaklqana
Kikubaaqudgha
Makhleb
Nemelex Xobeh
Okawaru
Ru
Sif Muna
Trog
Vehumet
Wu Jian
Xom
Yredelemnul
Zin
The Shining One

Shops:
D:4 (

Annotations:
D:3 2 transporters, drugrobin's ghost, weakling DgDe


Innate Abilities, Weirdness & Mutations

You have a pair of horns on your head.
You reflexively headbutt those who attack you in melee.


Message History

You slash the orc!
You kill the orc!
Trog accepts your kill.
You barely miss the orc. You closely miss the black bear.
You slash the black bear!
The black bear is heavily wounded.
You slash the orc!
You kill the orc!
Trog accepts your kill.
You slice the black bear!!
You kill the black bear!
Trog accepts your kill.
You have reached level 7!
You slash the orc!
You kill the orc!
Trog accepts your kill.
Found a falchion.
Items here: )))) [ ††.
Okay, then.
You feel a strong urge to attack something.
Found a scroll labelled OZIAFOFFAMMI.
You are no longer berserk.
You are exhausted.
You feel yourself slow down.
You start resting.
You feel yourself speed up.
Items here: )))) [ ††.
Items here: )))) [ ††.
You see here a +0 shortbow.
You recover from your berserk rage.
Things that are here:
a +0 dagger; an orc corpse Unknown command.
Unknown command.
Unknown command.
Unknown command.
You see here a +0 shortbow.
Unknown command.
Are you sure you want to abandon this character and quit the game? (Confirm with "yes".)

.# ##.# . #..### ..
##....#...
##.........
#...>...)..
##..........
##...........
##.@..........
##...).........
##...)†.........
#####....)..#.......
.$........###.......
........### .......
.####...# #.....?
##...####. .##..
###.........#


There were no monsters in sight!

Vanquished Creatures
  Eustachio (D:4)
  A black bear (D:5)
  A centaur (D:5)
  2 hounds (D:4)
  A sleepcap (D:4)
  2 orc wizards (D:5)
  4 adders
  A worm (D:3)
  14 orcs
  8 bats
  6 endoplasms
  2 giant cockroaches
  10 hobgoblins
  4 jackals (D:2)
  A quokka (D:3)
  10 ball pythons
  8 goblins
  5 kobolds
  5 rats
86 creatures vanquished.

Notes
Turn   | Place    | Note
-------+----------+-------------------------------------------
     0 | D:1      | HotCheetoh the Minotaur Fighter began the quest for the
                  | Orb.
     0 | D:1      | Reached XP level 1. HP: 19/19 MP: 0/0
   121 | D:1      | Reached skill level 3 in Axes
   133 | D:1      | Found a faded altar of an unknown god.
   154 | D:1      | Reached XP level 2. HP: 26/26 MP: 1/1
   692 | D:2      | Reached skill level 4 in Axes
   711 | D:2      | Reached XP level 3. HP: 31/31 MP: 2/2
   916 | D:2      | Reached skill level 5 in Axes
  1213 | D:3      | Reached XP level 4. HP: 39/39 MP: 3/3
  1550 | D:3      | Found a transporter.
  1653 | D:3      | Found a transporter.
  1658 | D:3      | Noticed drugrobin's ghost (weakling DgDe)
  1941 | D:4      | Found a staircase to the Ecumenical Temple.
  1949 | Temple   | Entered the Ecumenical Temple
  1961 | Temple   | Became a worshipper of Trog the Wrathful
  2024 | D:4      | Reached skill level 6 in Axes
  2061 | D:4      | Found a blossoming altar of Fedhas.
  2082 | D:4      | Found Mufehin's Antique Weapon Shop.
  2114 | D:4      | Reached XP level 5. HP: 43/45 MP: 4/4
  2240 | D:4      | Reached skill level 7 in Axes
  2372 | D:4      | Noticed Eustachio
  2402 | D:4      | Killed Eustachio
  2403 | D:4      | Reached skill level 8 in Axes
  2403 | D:4      | Reached XP level 6. HP: 35/51 MP: 5/5
  2904 | D:4      | Reached * piety under Trog
  3066 | D:5      | Entered Level 5 of the Dungeon
  3160 | D:5      | Identified the +1 long sword "Peethryaf" {flame, *Slow
                  | Str-3 Int+10 Stlth+}
  3162 | D:5      | Reached skill level 9 in Axes
  3168 | D:5      | Reached XP level 7. HP: 36/57 MP: 6/6
  3200 | D:5      | Quit the game

Illustrated notes

Levels and vault maps discovered:
D:1:      psy_arrival_statuary, layout_basic, basic_ecumenical_altar
D:2:      layout_rooms
D:3:      layout_basic, gammafunk_ghost_mausoleum, grunt_decor_mini_mirrors
D:4:      layout_rooms, fedhas_altar_1, minmay_temple_entry_statues_fountains,
          serial_shops, shop, uniq_eustachio
D:5:      layout_cave_pods, mainiacjoe_overflow_divided_tiny,
          minmay_ogre_servants
Temple:   compressed_dpeg_triangle_lava_temple

Skill      XL: |  1  2  3  4  5  6 |
---------------+-------------------+-----
Axes           | 3 4 5 6 8 9 |  9.5
Fighting       | |  3.6
Armour         | |  3.6
Shields        | |  3.6

Action                     |  1- 3 |  4- 6 |  7- 9 || total
---------------------------+-------+-------+-------++-------
  Melee: War axe           |    74 |   103 |     1 ||   178
         Headbutt          |    14 |    15 |       ||    29
 Invoke: Berserk           |       |     1 |       ||     1
 Armour: Scale mail        |    40 |    11 |       ||    51
         Plate armour      |       |    60 |       ||    60
  Dodge: Dodged            |    36 |    38 |       ||    74
  Block: Buckler           |    25 |    27 |       ||    52

Table legend: (Time is in decaauts)
 A = Elapsed time spent in this place.
 B = Non-inter-level travel time spent in this place.
 C = Inter-level travel time spent in this place.
 D = Time resting spent in this place.
 E = Time spent auto-exploring this place.
 F = Levels seen in this place.
 G = Mean time per level.
                   A        B        C        D        E       F      G
               +--------+--------+--------+--------+--------+-----+--------+
         Total |   3245 |   3209 |     36 |    477 |   1794 |   6 |  540.8 |
       Dungeon |   3222 |   3186 |     36 |    477 |   1794 |   5 |  644.4 |
        Temple |     22 |     22 |      0 |      0 |      0 |   1 |   22.0 |
               +--------+--------+--------+--------+--------+-----+--------+

Top non-repeatable levels by time:
     D:4: 1120 daAuts
     D:3: 841 daAuts
     D:1: 656 daAuts
     D:2: 465 daAuts
     D:5: 139 daAuts
  Temple: 22 daAuts
